 Dungeon Crawl Stone Soup version 0.31.0-11-ge490571c62 (webtiles) character file.

Game seed: 5965886975179405262

27 qw the Shooter (level 2, 0/16 HPs)
             Began as a Deep Elf Hunter on Feb 5, 2024.
             Frozen to death by an endoplasm (2 damage)
             ... on level 2 of the Dungeon.
             The game lasted 00:00:04 (989 turns).

qw the Shooter (Deep Elf Hunter)                     Turns: 989, Time: 00:00:05

Health: 0/16       AC:  6    Str:  8    XL:     2   Next: 93%
Magic:  4/4        EV:  8    Int: 13    God:
Gold:   102        SH:  0    Dex: 18    Spells: 1/1 levels left

rFire   . . .        a - +0 shortbow
rCold   . . .        (shield currently unavailable)
rNeg    . . .        j - +0 scale mail
rPois   .            (no helmet)
rElec   .            (no cloak)
rCorr   .            (no gloves)
SInv    .            (no boots)
Will    .....        (no amulet)
Stlth   +            (no ring)
HPRegen 0.22/turn    (no ring)
MPRegen 0.09/turn

%: no passive effects
@: no status effects
A: no striking features
a: no special abilities


You were on level 2 of the Dungeon.
You visited 1 branch of the dungeon, and saw 2 of its levels.

You collected 102 gold pieces.


   Skills:
 - Level 1.5 Fighting
 + Level 6.6 Ranged Weapons
 - Level 2.4 Dodging
 - Level 1.2 Stealth


You had one spell level left.
You didn't know any spells.
Your spell library was empty.

Inventory:

Hand Weapons
 a - a +0 shortbow (weapon)
Armour
 j - a +0 scale mail (worn)
Potions
 f - a potion of haste
 h - a potion of brilliance {unknown}
 k - a potion of heal wounds {unknown}

Dungeon Overview and Level Annotations

Branches:
Dungeon (2/15)

Altars:


Message History

Enter note: Done exploring.
Enter note:
Enter note:
Enter note:
Enter note:
897 ||| Stepping randomly (stuck).
Done exploring.
What level of the Dungeon? (default 2, ? - help)
There is a stone staircase leading down here.
You climb downwards.
There is a stone staircase leading up here.
You now have 102 gold pieces (gained 10).
A ball python comes into view.
The ball python hisses angrily.
You shoot an arrow. The arrow hits the ball python.
You kill the ball python!
Found a stone staircase leading down.
An endoplasm comes into view.
The endoplasm quivers.
You shoot an arrow. The arrow hits the endoplasm.
The endoplasm is moderately wounded.
You shoot an arrow. The arrow hits the endoplasm.
The endoplasm is heavily wounded.
The endoplasm freezes you.
You are frozen.
The endoplasm hits you but does no damage.
You shoot an arrow. The arrow hits the endoplasm.
The endoplasm is heavily wounded.
The endoplasm freezes you.
You are frozen.
You shoot an arrow.
The arrow hits the endoplasm but does no damage.
The endoplasm is heavily wounded.
The endoplasm freezes you.
You are frozen.
You shoot an arrow. The arrow barely misses the endoplasm.
The endoplasm freezes you.
You are frozen.
You die...

# .# .# ..#
####..# #.J..#
#.####@########
#..............
######.########
##..#########
#...........#
#..########.#
#.... #.# #.##.
#.# >.. #. #.#


You could see an endoplasm.

Vanquished Creatures
  2 dart slugs (D:1)
  2 ball pythons
  3 endoplasms
  3 hobgoblins
  3 jackals (D:1)
  A quokka (D:1)
  2 frilled lizards (D:1)
  3 goblins (D:1)
19 creatures vanquished.

Notes
Turn   | Place    | Note
-------+----------+-------------------------------------------
     0 | D:1      | qw the Deep Elf Hunter began the quest for the Orb.
     0 | D:1      | Reached XP level 1. HP: 12/12 MP: 3/3
     0 | D:1      | 0 ||| qw: Version: 0.3-a-160-g6735b56
     0 | D:1      | 0 ||| qw: Game counter: 6299
     0 | D:1      | 0 ||| qw: Melee chars always use a shield: true
     0 | D:1      | 0 ||| qw: God list: Okawaru
     0 | D:1      | 0 ||| qw: Allow faded altars: false
     0 | D:1      | 0 ||| qw: Do Orc after clearing Dungeon:15 true
     0 | D:1      | 0 ||| qw: Do second Lair branch before Depths: true
     0 | D:1      | 0 ||| qw: Lair rune preference: random
     0 | D:1      | 0 ||| qw: Goals: Normal
     0 | D:1      | 0 ||| PLANNING D:1-11
   112 | D:1      | Reached XP level 2. HP: 13/16 MP: 4/4
   193 | D:1      | Reached skill level 6 in Ranged Weapons
   825 | D:1      | 825 ||| UPGRADING to +0 scale mail.
   835 | D:1      | 835 ||| DROPPING +0 leather armour.
   836 | D:1      | 836 ||| READING scroll labelled NOUKUIK URCHAOG.
   840 | D:1      | 840 ||| READING 2 scrolls labelled ROQAEFUTUNN.
   841 | D:1      | 841 ||| READING scroll labelled UZUS FYCEOTS.
   841 | D:1      | 841 ||| ENCHANTING +0 shortbow.
   842 | D:1      | 842 ||| READING scroll labelled SINIKU FATA.
   842 | D:1      | 842 ||| IDENTIFYING orange potion
   843 | D:1      | 843 ||| READING scroll labelled JEFFUY WIEG.
   844 | D:1      | 844 ||| DROPPING scroll of butterflies.
   845 | D:1      | 845 ||| DROPPING scroll of revelation.
   897 | D:1      | 897 ||| Stepping randomly (stuck).
   988 | D:2      | HP: 2/16 [frozen (5)]
   989 | D:2      | Frozen to death by an endoplasm

Levels and vault maps discovered:
D:1:      spicycebolla_arrival_ecumenical, layout_loops_corners
D:2:      layout_basic, serial_shops, shop, uniq_jessica

Skill      XL: |  1  2 |
---------------+-------+-----
Ranged Weapons | 6 |  6.6
Fighting       | |  1.5
Dodging        | |  2.4
Stealth        | |  1.2

Action                     || total
---------------------------++-------
   Fire: Shortbow          ||    54
    Use: Scroll            ||     5
 Armour: Leather armour    ||     6
         Scale mail        ||     1
  Dodge: Dodged            ||     6

Table legend:
 A = Non-vault XP
 B = Vault XP
 C = Vault XP percentage of total XP
 D = Non-vault monster count
 E = Vault monster count
 F = Vault count percentage of total count
                 A         B        C        D         E       F
            +---------+---------+-------+---------+---------+-------
      Total |      39 |       0 |   0.0 |      19 |       0 |   0.0
            +---------+---------+-------+---------+---------+-------
        D:1 |      33 |       0 |   0.0 |      16 |       0 |   0.0
        D:2 |       6 |       0 |   0.0 |       3 |       0 |   0.0
            +---------+---------+-------+---------+---------+-------
